 Dungeon Crawl Stone Soup version 0.30-a0-802-gb92711bcdf (webtiles) character file.

Game seed: 15065518779164886281

9 dolemite99 the Slasher (level 2, 0/17 HPs)
             Began as a Vampire Reaver on Feb 24, 2023.
             Slain by a goblin
             ... wielding a +0 club
              (4 damage)
             ... on level 1 of the Dungeon.
             The game lasted 00:00:52 (581 turns).

dolemite99 the Slasher (Vampire Reaver)              Turns: 581, Time: 00:00:52

Health: 0/17       AC:  3    Str: 11    XL:     2   Next: 3%
Magic:  5/5        EV: 11    Int: 15    God:
Gold:   38         SH:  0    Dex: 12    Spells: 4/5 levels left

rFire   . . .      SeeInvis +    a - +0 falchion
rCold   + + .      Faith    .    (no shield)
rNeg    + + +      Spirit   .    b - +0 leather armour
rPois   ∞          Reflect  .    (no helmet)
rElec   .          Harm     .    (no cloak)
rCorr   .          Rampage  .    (no gloves)
Will    .....                    (no boots)
Stlth   +++                      (no amulet)
HPRegen 0.00/turn                (no ring)
MPRegen 0.09/turn                (no ring)

@: bloodless, inhibited regen
A: bloodless, fangs 3, see invisible, vampiric 1
a: Revivify


You were on level 1 of the Dungeon.
You visited 1 branch of the dungeon, and saw 1 of its levels.

You collected 38 gold pieces.

Inventory:

Hand Weapons
 a - a +0 falchion (weapon)
Armour
 b - a +0 leather armour (worn)
Scrolls
 e - a scroll of noise {unknown}
Potions
 c - a potion of brilliance {unknown}
 d - a potion of flight {unknown}
 f - a potion of heal wounds {unknown}


   Skills:
 - Level 1.7 Fighting
 + Level 3.6 Long Blades
 - Level 2.1 Dodging
 - Level 2.0 Spellcasting
 - Level 2.1 Conjurations


You had 4 spell levels left.
You knew the following spells:

 Your Spells              Type           Power      Damage    Failure   Level
a - Kiss of Death         Conj/Necr      16%        2d6       19%         1

Your spell library contained the following spells:

 Spells                   Type           Power      Damage    Failure   Level
 Momentum Strike          Conj/Tloc      8%         3d8       28%         2
 Hailstorm                Conj/Ice       4%         3d4       50%         3


Dungeon Overview and Level Annotations

Branches:
Dungeon (1/15)

Altars:


Innate Abilities, Weirdness & Mutations

You do not regenerate when monsters are visible.
You are frail without blood (-20% HP).
You can heal yourself when you bite living creatures.
You are immune to poison.
You have razor-sharp teeth.
You have supernaturally acute eyesight. (SInv)
You are afflicted with vampirism.


Message History

No target in view!
Things that are here:
a +0 dagger; a goblin corpse
There is an open door here.
Key pressed, stopping explore.
No target in view!
You now have 28 gold pieces (gained 4).
You now have 38 gold pieces (gained 10).
A bat comes into view.
A bat is nearby!
A bat is nearby!
A bat is nearby!
A goblin comes into view. It is wielding a +0 dagger.
There are monsters nearby!
The helpless bat fails to defend itself.
You bite the bat, and draw its blood! You hit the bat.
You kill the bat!
A goblin is nearby!
A hobgoblin and a goblin come into view.
The goblin shouts! x2; You hear a shout!
A hobgoblin comes into view.
There are monsters nearby!
The goblin hits you with a +0 dagger. The goblin barely misses you.
There are monsters nearby!
You barely miss the goblin. The goblin closely misses you.
The goblin hits you with a +0 club.
You closely miss the goblin. Your bite misses the goblin.
The goblin misses you. The goblin hits you with a +0 dagger.
There are monsters nearby!
You barely miss the goblin. Your punch misses the goblin.
Your bite misses the goblin. The goblin barely misses you.
The goblin closely misses you. The hobgoblin hits you.
You are too injured to fight recklessly!
The goblin hits you with a +0 club. The hobgoblin hits you.
* * * LOW HITPOINT WARNING * * *
The goblin attacks as you move away! The goblin barely misses you.
The goblin attacks as you move away! The goblin barely misses you.
Okay, then.
You barely miss the goblin. The goblin hits you with a +0 club.
You die...

###########
#.........#
#.#######.#
#.# #.# #.#
#.# #.# #.#
########.# #@#
.........# #g#
# ##########
#.# #.# #..##
#g# ...#
#.....#g#..###
#.....g.....#
####.#.#..#.#
#.#.#.## # #.#
#


You could see 2 hobgoblins and 2 goblins.

Vanquished Creatures
  3 goblins (D:1)
  A kobold (D:1)
  2 bats (D:1)
  3 frilled lizards (D:1)
  A rat (D:1)
10 creatures vanquished.

Notes
Turn   | Place    | Note
-------+----------+-------------------------------------------
     0 | D:1      | dolemite99 the Vampire Reaver began the quest for the Orb.
     0 | D:1      | Reached XP level 1. HP: 16/16 MP: 3/3
   369 | D:1      | Reached XP level 2. HP: 8/17 MP: 5/5
   581 | D:1      | Slain by a goblin

Illustrated notes

Levels and vault maps discovered:
D:1:      amcnicky_arrival_underground_garden, layout_basic,
          minmay_tree_intersection

Action                     || total
---------------------------++-------
  Melee: Falchion          ||    32
         Bite              ||     2
Ability: Exsanguinate      ||     1
   Stab: Sleeping          ||     1
 Armour: Leather armour    ||     2
  Dodge: Dodged            ||    24

Table legend: (Time is in decaauts)
 A = Elapsed time spent in this place.
 B = Non-inter-level travel time spent in this place.
 C = Inter-level travel time spent in this place.
 D = Time resting spent in this place.
 E = Time spent auto-exploring this place.
 F = Levels seen in this place.
 G = Mean time per level.
                   A        B        C        D        E       F      G
               +--------+--------+--------+--------+--------+-----+--------+
         Total |    584 |    584 |      0 |     62 |    423 |   1 |  584.0 |
       Dungeon |    584 |    584 |      0 |     62 |    423 |   1 |  584.0 |
               +--------+--------+--------+--------+--------+-----+--------+

Top non-repeatable levels by time:
     D:1: 584 daAuts
